Cogmind - Beta 15 @@@ ROGUE MODE // 2025.07.05 @ 16:20:45 Player: jumpy Result: Self-destructed Performance ------------- Evolutions (2) 1000 Regions Visited (4) 800 Robots Destroyed (21) 105 Value Destroyed (561) 561 Prototype IDs (2) 40 Alien Tech Used (0) 0 Bonus (0) 0 TOTAL SCORE: 2506 Bonus ------- None Cogmind --------- Core Integrity 459/550 Matter 290/300 Energy 54/140 System Corruption 0% Temperature Hot (204) Movement Treading (160) Location -8/Storage Parts ------- > --- POWER (1) -------- Light Deuterium Engine > --- PROPULSION (4) --- Light Treads Light Treads Light Treads Light Treads > --- UTILITY (4) ------ Large Storage Unit Structural Scanner Improved Terrain Scanner Seismic Detector > --- WEAPON (2) ------- Light EM Pulse Cannon Beam Cannon > --- INVENTORY (15) --- Light Deuterium Engine Light Deuterium Engine Light Nuclear Core Light Treads Compact Wheel Improved VTOL Module Improved Sensor Array Improved Signal Interpreter Seismic Detector Beam Rifle Beam Rifle Mining Laser Hammer Peak State ------------ > --- POWER ------------ Light Deuterium Engine > --- PROPULSION ------- Light Treads Light Treads Light Treads Improved VTOL Module > --- UTILITY ---------- Large Storage Unit Structural Scanner Improved Terrain Scanner Seismic Detector > --- WEAPON ----------- Shock Rifle > --- INVENTORY -------- Light Deuterium Engine Light Deuterium Engine Light Nuclear Core Compact Wheel Improved Sensor Array Improved Signal Interpreter Seismic Detector Beam Rifle Beam Rifle Beam Cannon Mining Laser Hammer [Rating: 21] Favorites ----------- Power Light Deuterium Engine Engine Light Deuterium Engine Propulsion Light Treads Treads Light Treads Flight Unit Improved VTOL Module Utility Seismic Detector Device Seismic Detector Storage Small Storage Unit Weapon Beam Rifle Energy Gun Beam Rifle Energy Cannon Beam Cannon Ballistic Gun Assault Rifle Build | -11 -10 -9 -8 -8 ------- Run | Yrd Mat Mat Mat Sto Slots Evolved 4 | . . 2 2 . Power . | . . . . . Propulsion 2 | . . 1 1 . Utility 2 | . . 1 1 . Weapon . | . . . . . Parts Attached 24 | 7 2 4 11 . Power 2 | 1 . 1 . . Engine 2 | 1 . 1 . . Core . | . . . . . Reactor . | . . . . . Propulsion 9 | 2 . 1 6 . Treads 7 | 2 . 1 4 . Leg . | . . . . . Wheel . | . . . . . Hover . | . . . . . Flight 2 | . . . 2 . Utility 5 | 2 . 2 1 . Device 3 | 1 . 2 . . Storage 2 | 1 . . 1 . Processor . | . . . . . Hackware . | . . . . . Protection . | . . . . . Artifact . | . . . . . Weapon 8 | 2 2 . 4 . Energy Gun 4 | . 2 . 2 . Energy Cannon 2 | . . . 2 . Ballistic Gun 2 | 2 . . . . Ballistic Cannon . | . . . . . Launcher . | . . . . . Special Weapon . | . . . . . Impact Weapon . | . . . . . Slashing Weapon . | . . . . . Piercing Weapon . | . . . . . Special Melee Weapon . | . . . . . Unidentified Prototypes 2 | . . . 2 . Parts Lost 3 | . . . 3 . Power . | . . . . . Propulsion 2 | . . . 2 . Utility . | . . . . . Weapon 1 | . . . 1 . Highest Loss Streak 2 | . . . 2 . To Critical Strikes . | . . . . . Average Backups 7 | 3 7 6 10 13 Power 1 | . 1 1 2 3 Propulsion 1 | 1 2 1 1 3 Utility 1 | . 2 1 2 3 Weapon 3 | . 2 3 4 4 Tool/Special . | . . . . . Unused Backups 13 | . 2 1 . 10 Power 5 | . 1 1 . 3 Propulsion 2 | . 1 . . 1 Utility 3 | . . . . 3 Weapon 3 | . . . . 3 Tool/Special . | . . . . . Average Slot Usage (%) 95 | . 100 99 88 100 Engine 10 | . 14 11 9 9 Treads 29 | . 28 33 27 36 Device 21 | . 14 21 26 27 Storage 10 | . 14 11 9 9 Energy Gun 16 | . 13 22 15 . Energy Cannon 1 | . . . 1 18 Ballistic Gun 3 | . 14 . . . Peak Build Rating 21 | 7 10 14 21 18 Average Rating 13 | 4 8 13 18 18 On Entrance 9 | . 7 10 14 18 Naked Turns . | . . . . . Heaviest Build 35 | 14 17 18 35 35 Greatest Support 80 | 40 40 60 80 80 Greatest Overweight (x) . | . . . . . Average Overweight (x) . | . . . . . Largest Inventory Capacity 15 | 8 8 8 15 15 Average Capacity 10 | 6 8 8 14 15 Most Carried 13 | 6 8 8 13 13 Average Carried 8 | 3 7 6 10 13 Final Capacity 15 | 8 8 8 15 15 Final Carried 13 | 6 8 8 13 13 Class Distribution -------------------- 92% | Mutant 7% | Scavenger-Mutant Dominant Class ---------------- Mutant | -10/Materials Mutant | -9/Materials Mutant | -8/Materials Scavenger-Mutant | -8/Storage Resources | -11 -10 -9 -8 -8 ----------- Run | Yrd Mat Mat Mat Sto Matter Collected 505 | 290 60 40 115 . Remotely . | . . . . . Salvage Created 1065 | 135 96 206 575 53 Parts 56 | 12 8 9 21 6 Haulers Intercepted 4 | . 1 1 1 1 Recyclers Shooed 1 | . . . 1 . Parts Field Recycled . | . . . . . Retrieved Matter . | . . . . . Parts Self-Destructed . | . . . . . Prevented . | . . . . . Kills | -11 -10 -9 -8 -8 ------- Run | Yrd Mat Mat Mat Sto Combat Hostiles Destroyed 11 | . 1 3 7 . Guns 8 | . 1 3 4 . Cannons 1 | . . . 1 . Classes Destroyed 6 | 2 3 1 . . Builder 1 | . 1 . . . Tunneler 3 | 3 . . . . Hauler 4 | . 1 1 1 1 Recycler 2 | 1 . . 1 . Grunt 8 | . 1 2 5 . Sentry 3 | . . 1 2 . Best Kill Streak 5 | 3 2 2 5 1 Combat Bots Only 3 | . 1 2 3 . Max Kills in Single Turn 1 | 1 1 1 1 1 Gunslinging . | . . . . . Exploded . | . . . . . Melee . | . . . . . Uniques/NPCs Destroyed . | . . . . . Combat | -11 -10 -9 -8 -8 -------- Run | Yrd Mat Mat Mat Sto Hostile Shots Fired 85 | . 9 12 41 23 Missed 24 | . 5 1 13 5 Hits 61 | . 4 11 28 18 Projectile 61 | . 4 11 28 18 Critical Strikes 2 | . . . 1 1 Damage Taken 881 | . 43 147 470 221 Core 105 | . . 14 83 8 Absorbed by Shields . | . . . . . Core Remaining (%) 98 | 100 100 96 . . Volleys Fired 60 | 5 11 14 26 4 Largest 2 | 2 2 2 2 2 Hottest 116 | 40 112 112 116 116 Shots Fired 111 | 10 22 28 44 7 Gun 96 | 10 22 28 36 . Cannon 15 | . . . 8 7 Launcher . | . . . . . Special . | . . . . . Kinetic 30 | 10 20 . . . Thermal 37 | . 2 28 4 3 Explosive . | . . . . . Electromagnetic 44 | . . . 40 4 Robot Hit Streak 10 | 4 7 8 10 1 Robot Miss Streak 6 | 1 4 3 2 6 Penetration Max . | . . . . . Secondary Targets . | . . . . . Shots Hit Robots 73 | 6 14 19 33 1 Core Hits 33 | 5 6 5 16 1 Critical Kills . | . . . . . Critical Parts Destroyed 1 | . 1 . . . Critical Strikes 4 | . 1 . 2 1 Destroy 1 | . 1 . . . Corrupt 3 | . . . 2 1 Melee Attacks . | . . . . . Impact . | . . . . . Slashing . | . . . . . Piercing . | . . . . . Sneak Attacks . | . . . . . Combat Hostiles . | . . . . . Follow-up Attacks . | . . . . . Damage Inflicted 1304 | 67 158 270 762 47 Guns 981 | 67 158 270 486 . Cannons 194 | . . . 147 47 Explosions 115 | . . . 115 . Melee . | . . . . . Ramming 14 | . . . 14 . Kinetic 210 | 67 143 . . . Thermal 470 | . 15 270 185 . Explosive . | . . . . . Electromagnetic 610 | . . . 563 47 Impact . | . . . . . Slashing . | . . . . . Piercing . | . . . . . Highest Corruption . | . . . . . Average Corruption . | . . . . . Corruption Purged . | . . . . . Corruption Blocked . | . . . . . Overload Shots . | . . . . . Overflow Damage . | . . . . . Projectiles . | . . . . . Explosions . | . . . . . Melee . | . . . . . Knockbacks . | . . . . . Impact . | . . . . . Kinetic . | . . . . . Secondary . | . . . . . Self-Inflicted Damage . | . . . . . Shots . | . . . . . Rammed 4 | . . . 4 . Targets Rammed 4 | . . . 4 . Kicked . | . . . . . Crushed . | . . . . . Highest Temperature 257 | . 51 210 257 204 Average Temperature 89 | . 14 106 85 116 Received Heat Transfer 444 | . 24 60 270 90 Siege Activations . | . . . . . Martial Activations . | . . . . . Shielding Activations . | . . . . . Robots Disrupted . | . . . . . Combat Hostiles . | . . . . . Robots Corrupted 2 | . . . 2 . Combat Hostiles 2 | . . . 2 . Parts Fried 6 | . . . 6 . Impact Corruptions . | . . . . . Robots Melted 1 | . . 1 . . Combat Hostiles . | . . . . . Parts Melted 4 | . . 3 1 . Heat Transferred 1038 | . 37 703 298 . Parts Sabotaged . | . . . . . Parts Stolen . | . . . . . Parts Stripped . | . . . . . Power Chain Reactions 1 | . . . 1 . Alert | -11 -10 -9 -8 -8 ------- Run | Yrd Mat Mat Mat Sto Maximum Alert Level . | . . . . . Low Security (%) 100 | 100 100 100 100 100 Level 1 . | . . . . . Level 2 . | . . . . . Level 3 . | . . . . . Level 4 . | . . . . . Level 5 . | . . . . . High Security . | . . . . . Max Security . | . . . . . Peak Influence 177 | 10 20 52 177 108 Initial 66 | . . . 18 66 Average 27 | 1 1 11 56 67 Influence Increases 524 | 20 32 118 302 52 Destroy 0b10 Robot/C 220 | . 20 60 140 . Destroy 0b10 Robot/NC 50 | 20 10 5 10 5 Destroy Leader 58 | . 2 22 32 2 Disable Machine 60 | . . . 45 15 Destroy Structure 1 | . . 1 . . Lose Combat Pursuer 135 | . . 30 75 30 Influence Decreases 426 | 20 32 74 189 111 Entered New Map 117 | . . . 26 91 Time Decay 279 | 20 32 74 133 20 Lost Part 30 | . . . 30 . Squads Dispatched 1 | . . 1 . . Investigation . | . . . . . Extermination . | . . . . . Reinforcement 1 | . . 1 . . Assault . | . . . . . Garrison . | . . . . . Intercept . | . . . . . Searches Triggered . | . . . . . Construction Impeded . | . . . . . Haulers Reinforced . | . . . . . Active Scanning Responses . | . . . . . Cargo Convoy Interrupts . | . . . . . Stealth | -11 -10 -9 -8 -8 --------- Run | Yrd Mat Mat Mat Sto Distress Signals 2 | . . 1 1 . Communications Jammed . | . . . . . Distress Signals . | . . . . . Times Spotted 26 | . 3 5 12 6 Peak Tracking Total 9 | . 1 3 5 9 Tactical Retreats 3 | . . 1 1 1 Traps | -11 -10 -9 -8 -8 ------- Run | Yrd Mat Mat Mat Sto Traps Triggered . | . . . . . Indirectly . | . . . . . Trap Hack Attempts . | . . . . . Triggered . | . . . . . Disarmed . | . . . . . Reprogrammed . | . . . . . Reused . | . . . . . Traps Extracted . | . . . . . Installed . | . . . . . Triggered . | . . . . . Machines | -11 -10 -9 -8 -8 ---------- Run | Yrd Mat Mat Mat Sto Machines Disabled 4 | . . . 3 1 Max in Single Turn 1 | . . . 1 1 Machines Repaired . | . . . . . Machines Dismantled . | . . . . . Machines Sabotaged . | . . . . . Overloaded Fab Kills . | . . . . . Hacking | -11 -10 -9 -8 -8 --------- Run | Yrd Mat Mat Mat Sto Machines Accessed . | . . . . . Terminals . | . . . . . Fabricators . | . . . . . Repair Stations . | . . . . . Recycling Units . | . . . . . Scanalyzers . | . . . . . Garrison Access . | . . . . . Total Hacks . | . . . . . Successful . | . . . . . Failed . | . . . . . Catastrophic . | . . . . . Database Lockouts . | . . . . . Manual . | . . . . . Terminals . | . . . . . Fabricators . | . . . . . Repair Stations . | . . . . . Recycling Units . | . . . . . Scanalyzers . | . . . . . Garrison Access . | . . . . . Terminal Hacks . | . . . . . Fabricator Hacks . | . . . . . Repair Station Hacks . | . . . . . Recycling Unit Hacks . | . . . . . Scanalyzer . | . . . . . Garrison Access Hacks . | . . . . . Unauthorized Hacks . | . . . . . Terminals . | . . . . . Fabricators . | . . . . . Repair Stations . | . . . . . Recycling Units . | . . . . . Scanalyzers . | . . . . . Garrison Access . | . . . . . Data Cores Recovered . | . . . . . Used . | . . . . . Hacking Detections . | . . . . . Full Trace Events . | . . . . . Feedback Events . | . . . . . Feedback Blocked . | . . . . . Robot Schematics Acquired . | . . . . . Robots Built . | . . . . . Authchips . | . . . . . Time . | . . . . . Total Robot Build Rating . | . . . . . Part Schematics Acquired . | . . . . . Parts Built . | . . . . . Authchips . | . . . . . Time . | . . . . . Total Part Build Rating . | . . . . . Parts Repaired . | . . . . . Time . | . . . . . Parts Recycled . | . . . . . Recycled Matter . | . . . . . Retrieved Matter . | . . . . . Retrieved Components . | . . . . . Parts Scanalyzed . | . . . . . Part Schematics Acquired . | . . . . . Parts Damaged . | . . . . . Bothacking | -11 -10 -9 -8 -8 ------------ Run | Yrd Mat Mat Mat Sto Used RIF Installer . | . . . . . Robots Hacked . | . . . . . Non-combat . | . . . . . Combat . | . . . . . Robot Hacks Applied . | . . . . . Relay Couplers Released . | . . . . . Fabnet Peak Effective % . | . . . . . Robots Rewired . | . . . . . Allies Hacked . | . . . . . Hacks Repelled . | . . . . . Allies | -11 -10 -9 -8 -8 -------- Run | Yrd Mat Mat Mat Sto Total Allies . | . . . . . Largest Group . | . . . . . Highest-Rated Group . | . . . . . Highest-Rated Ally . | . . . . . Total Orders . | . . . . . Ally Attacks . | . . . . . Total Damage . | . . . . . Kills . | . . . . . Allies Corrupted . | . . . . . Allies Melted . | . . . . . Intel | -11 -10 -9 -8 -8 ------- Run | Yrd Mat Mat Mat Sto Active Infowar (turns) 1447 | 29 343 439 594 42 Terrain 819 | . . 232 545 42 Structural 842 | . . 206 594 42 Seismic 1447 | 29 343 439 594 42 Robot Analysis Total . | . . . . . Derelict Logs Recovered . | . . . . . Drone Launches . | . . . . . Drone Recoveries . | . . . . . Exploration | -11 -10 -9 -8 -8 ------------- Run | Yrd Mat Mat Mat Sto Turns Passed 1564 | 146 343 439 594 42 Spaces Moved 799 | 75 175 235 295 19 Core 3 | 3 . . . . Treads 796 | 72 175 235 295 19 Legs . | . . . . . Wheels . | . . . . . Hover . | . . . . . Flight . | . . . . . Fastest Speed 50 | 50 160 160 160 160 Average Speed 159 | 155 160 160 160 160 Slowest Speed 160 | 160 160 160 160 160 Overloaded Moves . | . . . . . Propulsion Burnouts . | . . . . . Robots Hopped . | . . . . . Potential Cave-ins . | . . . . . Cave-ins Triggered . | . . . . . Exploration Rate (%) 18 | 5 37 26 17 8 Regions Visited 4 Branch Regions 1 Pre-discovered Areas . | . . . . . Known Exits Taken . | . . . . . Unknown Exits Taken 4 | 1 1 1 1 . Scrap Searched . | . . . . . Spaces Dug . | . . . . . Terrain Destroyed . | . . . . . Melee . | . . . . . Projectile . | . . . . . AOE . | . . . . . Terrain Rammed . | . . . . . Walls Destroyed . | . . . . . Machines Disabled . | . . . . . Actions | -11 -10 -9 -8 -8 --------- Run | Yrd Mat Mat Mat Sto Total 971 | 92 218 271 367 23 Wait 59 | . 25 14 20 . Move 795 | 74 174 234 294 19 Hop . | . . . . . Pick Up 19 | 6 4 3 6 . Fast Attach 13 | 7 . . 6 . Attach 4 | . . 2 2 . Detach . | . . . . . Swap 9 | . 2 2 5 . Drop 8 | . 2 2 4 . Fire 60 | 5 11 14 26 4 Melee . | . . . . . Ram . | . . . . . Kick . | . . . . . Crush 4 | . . . 4 . Escape Stasis . | . . . . . Rewire . | . . . . . Trap . | . . . . . Miscellaneous . | . . . . . Route ------- -11/Scrapyard -10/Materials -9/Materials -8/Materials -8/Storage History --------- Turn | Location | Event 4 | -11/Scrapyard | Discovered new exit (range 15) 147 | -11/Scrapyard | Entered Materials 315 | -10/Materials | Build established: Mutant 477 | -10/Materials | Discovered new exit (range 9) 490 | -10/Materials | Entered another Materials area 490 | -9/Materials | Evolved 2 slots: Propulsion x1, Utility x1 897 | -9/Materials | Discovered new exit (range 16) 929 | -9/Materials | Entered another Materials area 929 | -8/Materials | Evolved 2 slots: Propulsion x1, Utility x1 1510 | -8/Materials | Discovered new exit (range 6) 1523 | -8/Materials | Entered Storage 1565 | -8/Storage | Self-destructed Last Messages --------------- 01454_ R-06 Scavenger collects Weight Redist. System. 01454_ Acquired 40 matter. 01458_ R-06 Scavenger collects Ion Engine. 01459_ Acquired 10 matter. 01462_ R-06 Scavenger collects Faulty Imp. Flight Unit. 01471_ Dropped Shock Rifle. 01477_ Acquired Lgt. EM Pulse Cannon. 01487_ R-06 Scavenger collects Shock Rifle. 01501_ Lgt. Treads destroyed. 01503_ Y-45 Defender IFF system glitched. 01504_ Y-45 Defender destroyed. 01510_ EXIT=FOUND 01512_ Acquired Lgt. Treads. 01513_ Acquired 25 matter. LOCATION=UNKNOWN GOAL=ESCAPE 01535_ K-01 Serf collects debris. 01557_ A-02 Transporter destroyed. 01560_ Terminal disabled. 01563_ Critical hit (Burn: +37). Map ----- +----------------------------------------------------+ | ???????#??????????????????????? | | ??????????????????????????????? | | #???????????????#?????????????? | | ???#######????????????????????? | | ???#######????????????????????? | | ???## ##????????????????????? | | ???## ##????????????????????? | | ???## ##????????????????????? | | ?#?## ##????????????????????? | | ???## ##????????????????????? | | ???## ##????????????????????? | | ???## ##????????????????????? | | ???## ##????????????????????? | | ???## ##????????????????????? | | ???## ##????????????????????? | | ???## ##????????????????????? | | ???## ##??????"?????????????? | | ???## ##????????????????????? | | ???## ##???????"????????????? | | ???## ##??#?????????????????? | | ???## k########### ????????? | | ???## ##############????????? | | ???## s ????????? | | ???## s ????????? | | ???## ss ????????? | | ???###@##############?????????? | | ?## ! ####### ?????????? | | ?## ===##?????????????????? | | ?## g[%!##?????????????????? | | ?## ==!##?????????????????? | | ?"" !!*##??? ?????????????? | | #"T !! ##?????????????????? | | #"" !!Y##?????????????????? | | ### ##?????????????????? | | ### #?????????????????? | | ?###""T" ####?????????????????? | | ?###"""""####?????????????????? | | ??#########???????????????????? | | ???########???????????????????? | | ??????????????????????????????? | | ?????????? ???????????????????? | | ??????????????????????????????? | | ??????????????????????????????? | | ??????????????????????????????? | | ??????????????????????????????? | | ??????????????????????????????? | | ??????????????????????????????? | | ??????????????????????????????? | | ??????????????????????????????? | | ??????????????????????????????? | +----------------------------------------------------+ Best States ------------- Heat Dissipation 31 Energy Generation 14 Energy Capacity 250 Matter Stores 300 Matter Capacity 300 Sight Range 16 Terrain Scan Range 16 Terrain Scan Density 10 Evasion (%) 40 Recoil Reduction 4 Item Schematics ----------------- None Robot Schematics ------------------ None Fabricated ------------ Nothing Repaired ---------- Nothing Alien Tech Used ----------------- None Achievements -------------- None Challenges ------------ None Game ------ Seed ScrapCoilInjector Manual? 0 Play Time 00:07:37 Cumulative 133.1 hours Start 2025.07.05 @ 16:12:56 End 2025.07.05 @ 16:20:45 Sessions 1 Manual Loads 0 Difficulty Rogue Special Mode None Game No. 351 Rogue 351 Adventurer 0 Explorer 0 Win Type - Total 3 Types 2/0/1/0/0/0/0/0/0/0 Lore% 65 Gallery% 54 Achievement% 46 Wizard Run 0 Options --------- Layout 0 ASCII 0 Keyboard 0 Movement Numpad Keybinds 0 Fullscreen 2 Font 18/Terminus Map View 76x50 Zoom Use 0% Tactical HUD 1 Map Filters NONE Filters NONE Steam 1 RUN: 0c4d0ac9-8916-4cbd-9e18-c174e1610797